 Dungeon Crawl Stone Soup version 0.30.1-3-gfc49f6343a (webtiles) character file.

Game seed: 7292897410305329019

14576 Wiggles the Executioner (level 11, -4/83 HPs)
             Began as a Minotaur Berserker on July 28, 2023.
             Was a High Priest of Trog.
             Slain by a boulder beetle (37 damage)
             ... on level 11 of the Dungeon.
             The game lasted 00:19:24 (9699 turns).

Wiggles the Executioner (Minotaur Berserker)        Turns: 9699, Time: 00:19:25

Health: -4/83      AC: 17    Str: 32    XL:     11   Next: 90%
Magic:  0/19       EV: 10    Int:  4    God:    Trog [*****.]
Gold:   453        SH:  0    Dex:  5    Spells: 10/10 levels left

rFire   . . .        o - +4 battleaxe (heavy)
rCold   + + +        (shield currently unavailable)
rNeg    + . .        B - +0 pearl dragon scales
rPois   +            m - +2 hat {Will+}
rElec   .            u - +1 cloak
rCorr   .            i - +0 pair of gloves
SInv    +            w - +0 pair of boots
Will    +....        C - amulet of guardian spirit Stlth
                     s - ring "Zaosmo" {rPois rC+++ MP+9 Str+6 Dex-5}
HPRegen 0.33/turn    r - ring of see invisible
MPRegen 0.16/turn

%: guardian spirit
@: no status effects
A: horns 2, retaliatory headbutt
a: Renounce Religion, Berserk, Trog's Hand, Brothers in Arms


You were on level 11 of the Dungeon.
You worshipped Trog.
Trog was extremely pleased with you.
You visited 1 branch of the dungeon, and saw 12 of its levels.

You collected 657 gold pieces.
You spent 204 gold pieces at shops.

Inventory:

Hand Weapons
 o - a +4 heavy battleaxe (weapon)
Missiles
 d - 10 boomerangs (quivered)
 t - 4 throwing nets
Armour
 i - a +0 pair of gloves (worn)
 m - a +2 hat of willpower (worn)
 u - a +1 cloak (worn)
 w - a +0 pair of boots (worn)
 B - +0 pearl dragon scales (worn)
Jewellery
 a - an amulet of the acrobat
 l - a ring of flight
 r - a ring of see invisible (right hand)
 s - the ring "Zaosmo" (left hand) {rPois rC+++ MP+9 Str+6 Dex-5}
   (You bought it in a shop on level 4 of the Dungeon)

   [ring of strength]

   Str:       It affects your strength (+6).
   Dex:       It affects your dexterity (-5).
   rC:        It renders you almost immune to cold.
   rPois:     It protects you from poison.
   MP:        It affects your magic capacity (+9).
 C - an amulet of guardian spirit (around neck)
Wands
 c - a wand of polymorph (8)
 v - a wand of flame (25)
 x - a wand of digging (5)
 A - a wand of charming (9)
Scrolls
 b - a scroll of immolation {unknown}
 e - 4 scrolls of fog
 f - 2 scrolls of magic mapping
 y - 5 scrolls of teleportation
 D - a scroll of acquirement {unknown}
 E - a scroll of identify
Potions
 g - a potion of cancellation
 h - 4 potions of lignification
 j - 5 potions of curing
 k - 2 potions of haste
 n - a potion of mutation
 p - 5 potions of attraction
 q - a potion of heal wounds
 z - a potion of ambrosia {unknown}


   Skills:
 - Level 3.9 Fighting
 + Level 21.6 Axes
 - Level 0.3 Throwing
 - Level 2.5 Armour
 - Level 2.2 Dodging
 + Level 3.1 Stealth
 + Level 1.6 Evocations


You had 10 spell levels left.
You didn't know any spells.
Your spell library was empty.

Dungeon Overview and Level Annotations

Branches:
Dungeon (12/15)            Temple (0/1) D:7            Lair (0/5) D:10
    Orc: D:9-12

Altars:
Kikubaaqudgha
Makhleb
Ru
Trog
Uskayaw
Vehumet

Shops:
D:3 (   D:4 (**[   D:7 [:

Annotations:
D:11 1 runed translucent door


Innate Abilities, Weirdness & Mutations

You have a pair of horns on your head.
You reflexively headbutt those who attack you in melee.


Message History

The centaur warrior hits you.
* * * LOW HITPOINT WARNING * * *
The centaur warrior kicks you but does no damage.
The centaur warrior hits you but does no damage.
The centaur warrior kicks you but does no damage.
You hit the centaur warrior.
The centaur warrior is heavily wounded.
The centaur warrior hits you but does no damage.
The centaur warrior kicks you but does no damage.
You slice the centaur warrior!!
You kill the centaur warrior!
Trog accepts your kill.
A boulder beetle comes into view.
You see here a +0 shortbow.
The boulder beetle barely misses you.
You feel much better.
The boulder beetle leaps!
You feel much better.
The boulder beetle curls into a ball and begins rolling!
Things that are here:
4 large rocks; a cyclops corpse You slice the boulder beetle!!
You headbutt the boulder beetle.
The boulder beetle is moderately wounded.
The boulder beetle hits you!!
The boulder beetle stops rolling and uncurls.
You hit the boulder beetle.
The boulder beetle is heavily wounded.
The boulder beetle bites you!
You slice the boulder beetle like a ripe choko!!!
You headbutt the boulder beetle, but do no damage.
The boulder beetle is almost dead.
You hear a horrible gurgling sound!
The boulder beetle bites you but does no damage.
You hit the boulder beetle but do no damage.
The boulder beetle is almost dead.
The boulder beetle leaps!
The boulder beetle curls into a ball and begins rolling!
Things that are here:
4 large rocks; a cyclops corpse The boulder beetle hits you!!!
You die...

........##.....#
.........})|.#.#
#################[....#
°.#.#...#u...(#.#..###
#.#....##)..##.#..# #
#.#....#p..#.##..#
#.##°°...##.##.#..###
#.#..○...#.#)##....#
#...(B@.#+#.#...#.#
#.#####....##...#.# #○.
#....#....#.##### .°..
#...##..###...... .....
.....#..(###......
.......
......##...††.......
###...#
#######..#####......
.#.#. ##.## ##......
#..# ##...####


You could see a boulder beetle (rolling).

Vanquished Creatures
  Harold (D:9)
  3 centaur warriors (D:11)
  A fire crab (shapeshifter) (D:11)
  The ghost of Squincus the Severer, a novice MiFi of Wu Jian (D:7)
  2 oklob plants (D:10)
  An orc knight (D:11)
  3 cyclopes (D:11)
  A kobold demonologist (D:9)
  2 polar bears (D:10)
  A hornet (D:10)
  A wyvern (D:9)
  2 wraiths
  17 yaks
  4 vampire mosquitoes (D:11)
  3 water moccasins
  Duvessa (D:5)
  3 acid dragons
  A sky beast (D:6)
  2 ice beasts (D:5)
  4 orc warriors
  An ogre (D:5)
  3 black bears
  7 centaurs
  4 kobold brigands
  Blork the orc (D:5)
  A scorpion (D:4)
  2 gnoll sergeants
  4 wights (D:8)
  Dowan (D:5)
  6 killer bees (D:9)
  An electric eel (D:7)
  3 howler monkeys
  A crimson imp (D:5)
  10 orc priests
  3 jellies
  A gnoll bouda (D:10)
  4 hounds (D:5)
  A sleepcap (D:6)
  An iguana (D:5)
  6 orc wizards
  Robin (D:4)
  19 gnolls
  7 adders
  A white imp (D:6)
  3 ufetubi (D:5)
  2 worms (D:2)
  7 dart slugs
  34 orcs
  3 bats
  6 endoplasms
  14 goblins
  14 hobgoblins
  3 quokkas
  9 ball pythons
  4 frilled lizards (D:1)
  22 kobolds
  8 rats
272 creatures vanquished.

Notes
Turn   | Place    | Note
-------+----------+-------------------------------------------
     0 | D:1      | Wiggles the Minotaur Berserker began the quest for the Orb.
     0 | D:1      | Reached XP level 1. HP: 19/19 MP: 0/0
   158 | D:1      | Reached skill level 4 in Axes
   158 | D:1      | Reached XP level 2. HP: 27/27 MP: 1/1
   268 | D:1      | Found a faded altar of an unknown god.
   335 | D:1      | Reached ** piety under Trog
   473 | D:1      | Reached XP level 3. HP: 28/33 MP: 2/2
   842 | D:2      | Reached skill level 5 in Axes
  1082 | D:2      | Reached XP level 4. HP: 16/40 MP: 3/3
  1240 | D:2      | Reached skill level 6 in Axes
  1733 | D:3      | Found Tunwuul's Antique Weapon Shop.
  1741 | D:3      | Bought a war axe for 59 gold pieces
  1943 | D:3      | Identified the +3 leather armour of Quick Wonder {rN+}
  1990 | D:3      | Reached XP level 5. HP: 46/46 MP: 4/4
  2000 | D:3      | Reached skill level 7 in Axes
  2306 | D:4      | Noticed Robin
  2308 | D:4      | Reached *** piety under Trog
  2320 | D:4      | Killed Robin
  2326 | D:4      | Reached XP level 6. HP: 39/52 MP: 5/5
  2330 | D:4      | Reached skill level 8 in Axes
  2330 | D:4      | Reached skill level 1 in Stealth
  2729 | D:4      | Found Boagepip's Assorted Antiques.
  2732 | D:4      | Found Koifoe's Antique Weapon Boutique.
  2740 | D:4      | Found Qoyp's Antique Armour Boutique.
  2740 | D:4      | Found Harut Juh's Assorted Antiques.
  2748 | D:4      | Bought a brightly glowing copper ring for 120 gold pieces
  2748 | D:4      | Identified the ring "Zaosmo" {rPois rC+++ MP+9 Str+6 Dex-5}
                  | (You bought it in a shop on level 4 of the Dungeon)
  2820 | D:4      | Bought a scroll labelled ENU REZAPN for 25 gold pieces
  3013 | D:5      | Entered Level 5 of the Dungeon
  3041 | D:5      | Reached skill level 9 in Axes
  3041 | D:5      | Reached XP level 7. HP: 58/58 MP: 6/6
  3057 | D:5      | Reached **** piety under Trog
  3109 | D:5      | Noticed Blork the orc
  3118 | D:5      | Reached skill level 10 in Axes
  3119 | D:5      | Killed Blork the orc
  3217 | D:5      | Found a hide-covered altar of Uskayaw.
  3393 | D:5      | Reached skill level 11 in Axes
  3397 | D:5      | Reached XP level 8. HP: 66/66 MP: 7/7
  3596 | D:5      | Noticed Dowan
  3596 | D:5      | Noticed Duvessa
  3613 | D:5      | Killed Dowan
  3613 | D:5      | Killed Duvessa
  3722 | D:5      | Reached skill level 12 in Axes
  3832 | D:5      | Found a radiant altar of Vehumet.
  3837 | D:5      | Found a burning altar of Makhleb.
  4184 | D:6      | Reached skill level 13 in Axes
  4811 | D:7      | Found Vadiguf's Tremendous Tomes.
  4832 | D:7      | Found a runed translucent door.
  4832 | D:7      | Noticed Squincus's ghost (novice MiFi)
  4853 | D:7      | Reached ***** piety under Trog
  4854 | D:7      | Reached XP level 9. HP: 66/71 MP: 8/8
  4860 | D:7      | Reached skill level 14 in Axes
  5003 | D:7      | Found a sacrificial altar of Ru.
  5447 | D:7      | Found a staircase to the Ecumenical Temple.
  5503 | D:7      | Identified the +4 leather armour of Rotation {Str+5 Int+2}
  5576 | D:7      | Found Pubet's Antique Armour Boutique.
  5605 | D:7      | Killed Squincus's ghost
  5606 | D:7      | Reached skill level 15 in Axes
  6649 | D:9      | Reached skill level 16 in Axes
  6842 | D:9      | Reached XP level 10. HP: 58/78 MP: 9/9
  6978 | D:9      | Reached skill level 17 in Axes
  7035 | D:9      | Noticed Harold
  7045 | D:9      | Killed Harold
  7147 | D:9      | Noticed a manticore
  7394 | D:9      | Reached skill level 18 in Axes
  7660 | D:10     | Entered Level 10 of the Dungeon
  7666 | D:10     | Noticed an oklob plant
  8013 | D:10     | Found a bloodstained altar of Trog.
  8023 | D:10     | Reached skill level 19 in Axes
  8060 | D:10     | Noticed an oklob plant
  8243 | D:10     | Found a staircase to the Lair.
  8290 | D:10     | Reached XP level 11. HP: 69/83 MP: 10/10
  8479 | D:10     | Found an ancient bone altar of Kikubaaqudgha.
  8548 | D:10     | Received a gift from Trog
  8779 | D:10     | You fall into a shaft and drop 2 floors!
  8841 | D:10     | Reached skill level 1 in Evocations
  9022 | D:10     | Killed an oklob plant
  9027 | D:10     | HP: 4/83 [oklob plant/splash of acid (13)]
  9032 | D:10     | Killed an oklob plant
  9033 | D:10     | Reached skill level 20 in Axes
  9365 | D:11     | Identified the +0 chain mail of Ucinasam {rC+ Regen+ SInv}
  9541 | D:11     | Noticed a centaur warrior
  9547 | D:11     | Noticed a purple ugly thing
  9547 | D:11     | Noticed a death knight
  9551 | D:11     | Killed a centaur warrior
  9637 | D:11     | Found a runed translucent door.
  9637 | D:11     | Noticed an orc knight
  9641 | D:11     | Noticed a centaur warrior
  9652 | D:11     | Killed an orc knight
  9653 | D:11     | Reached skill level 21 in Axes
  9655 | D:11     | Killed a centaur warrior
  9663 | D:11     | a black mamba changed into a fire crab
  9663 | D:11     | Noticed a fire crab (shapeshifter)
  9667 | D:11     | Killed a fire crab
  9672 | D:11     | Noticed a centaur warrior
  9682 | D:11     | Killed a centaur warrior
  9683 | D:11     | Noticed a boulder beetle
  9699 | D:11     | Slain by a boulder beetle

Illustrated notes

Levels and vault maps discovered:
D:1:      giann_forest_graveyard, layout_basic,
          shapermc_ecumenical_altar_acropolis, minmay_unequal
D:2:      layout_basic, minmay_misc_feat_rows
D:3:      layout_loops_cross, serial_shops, shop
D:4:      layout_rooms, minmay_shop_grid_forest, minmay_increasing_density,
          uniq_robin
D:5:      layout_basic, grunt_temple_overflow_lords_of_destruction,
          minmay_ruined_shrine, uniq_duvessa, uniq_blork_the_orc
D:6:      layout_loops_ring, minmay_misc_feat_hallway
D:7:      layout_loops_ring, nicolae_ru_sacrificial_ziggurat, temple_fountains,
          serial_shops, nicolae_shop_statue_plus, gammafunk_ghost_grave,
          nicolae_shop_i_like_big_books, nrook_pool_corridor, minivault_11,
          minivault_5, minmay_misc_feat_rugged
D:8:      layout_basic
D:9:      layout_roguey, uniq_harold
D:10:     layout_roguey, lemuel_tele_altar, trog_ov_bears_minmay,
          dpeg_oklobed_lair
D:11:     minmay_the_grid_triangle_9x9_recursive_3_mashed
          [minmay_the_grid_triangle_9x9_thin_v,
          minmay_the_grid_triangle_9x9_warning,
          minmay_the_grid_triangle_9x9_tough_junction,
          minmay_the_grid_triangle_9x9_prize_top_heavy,
          minmay_the_grid_triangle_9x9_intruding_spiral,
          minmay_the_grid_triangle_9x9_corruption,
          minmay_the_grid_triangle_9x9_zippers_vertical,
          minmay_the_grid_triangle_9x9_dagger,
          minmay_the_grid_triangle_9x9_subtriangle], layout_loops_cross
D:12:     layout_loops_ring, erik_orc_1, maelrawn_ghost_gauntlet_escape,
          grunt_decor_arrowhead

Skill      XL: |  1  2  3  4  5  6  7  8  9 10 11 |
---------------+----------------------------------+-----
Axes           | 4 5 6 7 9 11 13 16 19 21 | 21.6
Stealth        | 1 2 3 |  3.1
Evocations     | 1 |  1.6
Fighting       | |  3.9
Throwing       | |  0.3
Armour         | |  2.5
Dodging        | |  2.2

Action                     |  1- 3 |  4- 6 |  7- 9 | 10-12 || total
---------------------------+-------+-------+-------+-------++-------
  Melee: Hand axe          |    75 |    31 |       |       ||   106
         Headbutt          |    12 |    17 |    28 |    33 ||    90
         Punch             |     1 |     1 |     1 |       ||     3
         War axe           |       |    87 |   199 |   152 ||   438
         Battleaxe         |       |       |       |    58 ||    58
  Throw: Boomerang         |       |       |    16 |     2 ||    18
 Invoke: Berserk           |     1 |     2 |     3 |     4 ||    10
  Evoke: Wand              |       |       |     1 |       ||     1
    Use: Scroll            |       |       |    14 |     3 ||    17
         Potion            |       |       |       |     2 ||     2
 Armour: Animal skin       |    11 |     1 |       |       ||    12
         Leather armour    |       |    17 |       |       ||    17
         Chain mail        |       |    49 |    77 |       ||   126
         Pearl dragon scal |       |       |    24 |   111 ||   135
  Dodge: Dodged            |    56 |    71 |   112 |   100 ||   339
